 Dungeon Sprint DCSS version 0.22-a0-429-g97ce8ef721 (webtiles) character file.

247 Ebeneezer the Grappler (level 5, -8/85 HPs)
             Began as a Troll Monk on May 25, 2018.
             Was the Champion of Jiyva.
             Mangled by a ten-headed hydra (11 damage)
             ... in the Dungeon (Sprint IX: "|||||||||||||||||||||||||||||").
             The game lasted 00:01:30 (341 turns).

Ebeneezer the Grappler (Troll Monk)                  Turns: 341, Time: 00:01:31

Health: -8/85      AC:  5    Str: 27    XL:     5   Next: 85%
Magic:  4/4        EV: 14    Int:  6    God:    Jiyva [******]
Gold:   0          SH:  0    Dex: 13    Spells: 4/4 levels left

rFire    . . .     SeeInvis .     - Unarmed
rCold    . . .     Gourm    +   (no shield)
rNeg     . . .     Faith    .   a - +0 robe
rPois    .         Spirit   .   (helmet restricted)
rElec    .         Reflect  .   m - +0 cloak
rCorr    +         Harm     .   (gloves unavailable)
MR       .....     Rnd*Rage +   (boots unavailable) Stlth ..........NoTele +
                                (no amulet)
HPRegen  0.64/turn              n - +3 ring of strength
MPRegen  0.09/turn              o - +2 ring of evasion

@: berserking, very quick
A: large, unfitting armour, claws 3, berserk 1, blink, fast metabolism 3,
gourmand, regeneration 1, shaggy fur 1, tough skin 2, pseudopods 1, translucent
skin 1, jelly absorbing missiles
a: Blink, Request Jelly, Slimify, Cure Bad Mutation, Renounce Religion


You were in the Dungeon.
You worshipped Jiyva.
Jiyva was exalted by your worship.
You were full.

You visited 1 branch

Inventory:

Armour
 a - a +0 robe (worn)
 m - a +0 cloak (worn)
Jewellery
 n - a +3 ring of strength (left claw)
 o - a +2 ring of evasion (right claw)
Wands
 l - a wand of iceblast (10)
Scrolls
 h - 2 scrolls of blinking
 j - 3 scrolls of remove curse
 k - 2 scrolls of amnesia
Potions
 c - 5 potions of curing
 d - 3 potions of heal wounds
 e - a potion of haste
 f - 4 potions of magic
 i - a potion of invisibility
Comestibles
 b - 2 rations


   Skills:
 + Level 5.0 Fighting
 + Level 5.1 Dodging
 - Level 1.0 Stealth
 * Level 9.9 Unarmed Combat


You had 4 spell levels left.
You didn't know any spells.
Your spell library was empty.

Dungeon Overview and Level Annotations

Branches:
Dungeon (1/1)

Altars:
Cheibriados
Dithmenos
Elyvilon
Fedhas
Gozag
Hepliaklqana
Kikubaaqudgha
Makhleb
Nemelex Xobeh
Okawaru
Qazlal
Ru
Sif Muna
Trog
Uskayaw
Vehumet
Wu Jian
Xom
Yredelemnul
Zin
The Shining One
Beogh
Jiyva
Lugonu


Innate Abilities, Weirdness & Mutations

You are too large for most types of armour.
You have claws for hands.
Your metabolism is lightning-fast.
You like to eat raw meat.
Your natural rate of healing is unusually fast.
You are covered in fur. (AC +1)
You have very tough skin. (AC +2)
You tend to lose your temper in combat.
You can translocate small distances at will.
Armour fits poorly on your pseudopods.
Your translucent skin slightly reduces your foes' accuracy. (Stealth)
You have a small jelly attached to you that may absorb incoming projectiles.


Message History

The nine-headed hydra closely misses you.
The nine-headed hydra bites you! The nine-headed hydra bites you.
The nine-headed hydra bites you!
* * * LOW HITPOINT WARNING * * *
The nine-headed hydra bites you!
* * * LOW HITPOINT WARNING * * *
The nine-headed hydra bites you!
* * * LOW HITPOINT WARNING * * *
The nine-headed hydra bites you.
* * * LOW HITPOINT WARNING * * *
The nine-headed hydra bites you.
* * * LOW HITPOINT WARNING * * *
You rip one of the nine-headed hydra's heads off!
The eight-headed hydra grows two more!
You mangle the ten-headed hydra!!
The ten-headed hydra is almost dead.
Unknown command.
You barely miss the ten-headed hydra. You bludgeon the ten-headed hydra.
The ten-headed hydra is almost dead.
The ten-headed hydra bites you!
You die... ▓▓▓▓▓▓▓▓▓▓▓▓▓▓▓▓▓▓▓▓▓▓▓▓ '.........'...J.@DuYYlh. ▓▓▓▓▓▓▓▓▓▓▓▓▓▓▓▓▓▓▓▓▓▓▓▓

You could see a ten-headed hydra, a red ugly thing, 2 yaks, a basilisk, a black bear and a neutral jelly (fellow slime).

Vanquished Creatures
  A sky beast (D)
  A big kobold (D)
  A crimson imp (D)
  A jelly (D)
  2 adders (D)
  A bat zombie (D)
  2 goblins (D)
  A jackal (D)
  A quokka (D)
  A frilled lizard (D)
  A quokka zombie (D)
  2 rats (D)
15 creatures vanquished.

Notes
Turn   | Place    | Note
-------+----------+-------------------------------------------
     0 | D        | Ebeneezer the Troll Monk began the quest for the Orb.
     0 | D        | Reached XP level 1. HP: 22/22 MP: 0/0
    19 | D        | Noticed a crimson imp
    19 | D        | Noticed a jelly
    27 | D        | Killed a crimson imp
    27 | D        | Reached skill level 5 in Unarmed Combat
    27 | D        | Reached XP level 2. HP: 28/31 MP: 1/1
    27 | D        | Reached XP level 3. HP: 34/37 MP: 2/2
    29 | D        | Reached skill level 6 in Unarmed Combat
    34 | D        | HP: 1/37 [acid (9)]
    35 | D        | Reached XP level 4. HP: 2/48 MP: 3/3
   121 | D        | Found a roughly hewn altar of Beogh.
   121 | D        | Found a snail-covered altar of Cheibriados.
   121 | D        | Found a shadowy altar of Dithmenos.
   121 | D        | Found a white marble altar of Elyvilon.
   121 | D        | Found a blossoming altar of Fedhas.
   121 | D        | Found an opulent altar of Gozag.
   122 | D        | Found a hazy altar of Hepliaklqana.
   123 | D        | Found a viscous altar of Jiyva.
   124 | D        | Found an ancient bone altar of Kikubaaqudgha.
   125 | D        | Found a corrupted altar of Lugonu.
   126 | D        | Found a burning altar of Makhleb.
   127 | D        | Found a sparkling altar of Nemelex Xobeh.
   128 | D        | Found an iron altar of Okawaru.
   129 | D        | Found a stormy altar of Qazlal.
   130 | D        | Found a sacrificial altar of Ru.
   131 | D        | Found a deep blue altar of Sif Muna.
   132 | D        | Found a bloodstained altar of Trog.
   135 | D        | Became a worshipper of Jiyva Joudghar the Shapeless
   135 | D        | Reached * piety under Jiyva
   135 | D        | Reached ** piety under Jiyva
   138 | D        | Found a hide-covered altar of Uskayaw.
   139 | D        | Found a radiant altar of Vehumet.
   140 | D        | Found an ornate altar of the Wu Jian Council.
   141 | D        | Found a shimmering altar of Xom.
   142 | D        | Found a basalt altar of Yredelemnul.
   143 | D        | Found a glowing silver altar of Zin.
   144 | D        | Found a glowing golden altar of the Shining One.
   157 | D        | Reached *** piety under Jiyva
   299 | D        | Gained mutation: You possess an exceptional clarity of mind. [Jiyva's grace]
   300 | D        | Reached **** piety under Jiyva
   300 | D        | Lost mutation: You possess an exceptional clarity of mind. [Jiyva's grace]
   300 | D        | Reached ***** piety under Jiyva
   300 | D        | Gained mutation: You can translocate small distances at will. [Jiyva's grace]
   300 | D        | Gained mutation: You have a small jelly attached to you that may absorb incoming projectiles. [Jiyva's grace]
   300 | D        | Gained mutation: Your translucent skin slightly reduces your foes' accuracy. (Stealth) [Jiyva's grace]
   300 | D        | Reached ****** piety under Jiyva
   306 | D        | Gained mutation: You tend to lose your temper in combat. [Jiyva's grace]
   311 | D        | Noticed a big kobold
   311 | D        | Noticed a sky beast
   317 | D        | Killed a big kobold
   317 | D        | Reached skill level 8 in Unarmed Combat
   317 | D        | Reached XP level 5. HP: 53/55 MP: 4/4
   320 | D        | Killed a sky beast
   320 | D        | Reached skill level 5 in Fighting
   320 | D        | Reached skill level 5 in Dodging
   320 | D        | Reached skill level 9 in Unarmed Combat
   326 | D        | Gained mutation: Armour fits poorly on your pseudopods. [Jiyva's grace]
   331 | D        | Noticed a four-headed hydra
   331 | D        | Noticed a red ugly thing
   331 | D        | Noticed a yak
   331 | D        | Noticed a yak
   331 | D        | Noticed a basilisk
   331 | D        | Noticed a black bear
   339 | D        | HP: 3/85 [nine-headed hydra (2)]
   341 | D        | Mangled by a ten-headed hydra

Vault maps used:
D:        linesprint

Skill      XL: |  1  2  3  4  5 |
---------------+----------------+-----
Fighting       | 3 4 5 |  5.0
Dodging        | 3 4 5 |  5.1
Unarmed Combat | 5 6 8 9 |  9.9
Stealth        | |  1.0

Action                   |  1- 3 |  4- 6 || total
-------------------------+-------+-------++-------
Melee: Unarmed           |    21 |    19 ||    40
       Punch             |       |     2 ||     2
       Pseudopods        |       |     5 ||     5
Invok: Request Jelly     |       |     1 ||     1
  Use: Potion            |       |     1 ||     1
 Stab: Sleeping          |     1 |       ||     1
  Eat: Chunk             |       |     5 ||     5
Armor: Robe              |     6 |     2 ||     8
Dodge: Dodged            |    10 |    18 ||    28

Table legend:
 A = Spawn XP
 B = Non-spawn XP
 C = Spawn XP percentage of total XP
 D = Spawn monster count
 E = Non-spawn monster count
 F = Spawn count percentage of total count
 G = Total turns spent on level
                    A         B        C        D         E        F      G
               +---------+---------+-------+---------+---------+-------+---------
         Total |       0 |     354 |   0.0 |       0 |      15 |   0.0 |   341
               +---------+---------+-------+---------+---------+-------+---------
             D |       0 |     354 |   0.0 |       0 |      15 |   0.0 |   341
               +---------+---------+-------+---------+---------+-------+---------
